 Dungeon Crawl Stone Soup version 0.31-a0-152-g6aa68a64a1 (webtiles) character file.

Game seed: 18310082237481062392

542 qw the Skirmisher (level 7, -1/61 HPs)
             Began as a Minotaur Hunter on June 9, 2023.
             Slain by a gnoll
             ... wielding a +0 flail
              (4 damage)
             ... on level 4 of the Dungeon.
             The game lasted 00:01:10 (3234 turns).

qw the Skirmisher (Minotaur Hunter)                 Turns: 3234, Time: 00:01:10

Health: -1/61      AC:  2    Str: 21    XL:     7   Next: 6%
Magic:  6/6        EV: 11    Int:  4    God:
Gold:   144        SH:  0    Dex: 16    Spells: 6/6 levels left

rFire   . . .        Y - +0 shortbow
rCold   . . .        (shield currently unavailable)
rNeg    . . .        d - +0 ring mail
rPois   .            (helmet restricted)
rElec   .            (no cloak)
rCorr   .            (no gloves)
SInv    .            (no boots)
Will    .....        m - amulet of the acrobat
Stlth   +            e - +6 ring of strength
HPRegen 0.30/turn    (no ring)
MPRegen 0.10/turn

%: acrobat
@: about to teleport
A: horns 2, retaliatory headbutt, deformed body, dopey 1
a: no special abilities


You were on level 4 of the Dungeon.
You visited 1 branch of the dungeon, and saw 4 of its levels.

You collected 144 gold pieces.


Innate Abilities, Weirdness & Mutations

You have a pair of horns on your head.
You reflexively headbutt those who attack you in melee.
Armour fits poorly on your strangely shaped body.
You are dopey. (Int -2)


   Skills:
 - Level 5.6 Fighting
 - Level 8.0 Ranged Weapons
 - Level 1.0 Armour
 + Level 2.1 Dodging
 - Level 0.7 Stealth


You had 6 spell levels left.
You didn't know any spells.
Your spell library was empty.

Inventory:

Hand Weapons
 Y - a +0 shortbow (weapon)
Armour
 d - a +0 ring mail (worn)
Jewellery
 e - a +6 ring of strength (left hand)
 m - an amulet of the acrobat (around neck)
Scrolls
 g - a scroll of teleportation
 i - a scroll of vulnerability {unknown}
 j - a scroll of identify
Potions
 a - a potion of attraction {unknown}
 b - a potion of heal wounds {unknown}
 c - a potion of enlightenment {unknown}
 f - a potion of brilliance {unknown}
 h - a potion of degeneration {unknown}
 k - 2 potions of invisibility {unknown}

Dungeon Overview and Level Annotations

Branches:
Dungeon (4/15)
 Temple: D:4-7

Altars:
Fedhas
Gozag
Vehumet


Message History

You shoot an arrow. The arrow hits Edmund.
Edmund is lightly wounded.
You shoot an arrow. The arrow hits Edmund!
Edmund is moderately wounded.
Edmund closely misses you.
You shoot an arrow. The arrow completely misses Edmund.
The arrow hits the gnoll.
You kill the gnoll!
Edmund closely misses you.
You shoot an arrow. The arrow barely misses Edmund.
The arrow hits the gnoll.
The gnoll is heavily wounded.
Edmund hits you with a +2 flail of holy wrath!
You shoot an arrow. The arrow hits Edmund.
Edmund is moderately wounded.
Edmund hits you with a +2 flail of holy wrath.
You shoot an arrow. The arrow hits Edmund.
Edmund is heavily wounded.
Edmund barely misses you. You furiously retaliate!
You headbutt Edmund! You shoot an arrow. The arrow hits Edmund!
Edmund is almost dead.
Edmund hits you with a +2 flail of holy wrath!
You shoot an arrow. The arrow closely misses Edmund.
The arrow hits the gnoll.
The gnoll is severely wounded.
Edmund hits you with a +2 flail of holy wrath!
You shoot an arrow. The arrow hits Edmund!
You kill Edmund!
Your Fighting skill increases to level 5!
You have reached level 7!
You shoot an arrow. The arrow completely misses the gnoll.
The arrow hits the gnoll.
The gnoll is heavily wounded.
The gnoll hits you with a +0 flail!
3233 ||| READING 2 scrolls of teleportation.
As you read the scroll of teleportation, it crumbles to dust.
You feel strangely unstable. The gnoll barely misses you.
You shoot an arrow. The arrow closely misses the gnoll.
The arrow barely misses the gnoll.
The gnoll hits you with a +0 flail! The gnoll hits you with a +0 flail.
You die...

# ########
####.############....(..
....>gg@....)...'.......
....).###########.......
..... #....... )...
#....... ...
..######....... ..
............... #
........(......
..######....#..
#....'....'..


You could see 2 gnolls.

Vanquished Creatures
  Edmund (D:4)
  A black bear (D:4)
  2 hounds
  An orc priest (D:4)
  Terence (D:3)
  An orc wizard (D:4)
  Robin (D:3)
  2 gnolls (D:4)
  8 adders
  A dart slug (D:1)
  8 orcs
  7 endoplasms
  A giant cockroach (D:2)
  18 goblins
  4 hobgoblins
  10 jackals
  4 kobolds
  2 quokkas
  4 ball pythons
  6 bats
  5 frilled lizards
  A rat (D:1)
89 creatures vanquished.

Notes
Turn   | Place    | Note
-------+----------+-------------------------------------------
     0 | D:1      | qw the Minotaur Hunter began the quest for the Orb.
     0 | D:1      | Reached XP level 1. HP: 18/18 MP: 0/0
     0 | D:1      | 0 ||| qw: Version: 0.2-a-121-gba3a3e5
     0 | D:1      | 0 ||| qw: Game counter: 3173
     0 | D:1      | 0 ||| qw: Always use a shield: true
     0 | D:1      | 0 ||| qw: God list: Okawaru
     0 | D:1      | 0 ||| qw: Allow faded altars: false
     0 | D:1      | 0 ||| qw: Do Orc after D:15 true
     0 | D:1      | 0 ||| qw: Do second Lair branch before Depths: true
     0 | D:1      | 0 ||| qw: Lair rune preference: random
     0 | D:1      | 0 ||| qw: Plans: Normal
     0 | D:1      | 0 ||| PLANNING D:1-11
   275 | D:1      | Reached skill level 5 in Ranged Weapons
   275 | D:1      | Reached XP level 2. HP: 25/25 MP: 1/1
   803 | D:1      | 803 ||| UPGRADING to +0 ring mail.
   813 | D:1      | 813 ||| DROPPING +0 leather armour.
   814 | D:1      | 814 ||| UPGRADING to +6 ring of strength.
   815 | D:1      | 815 ||| READING scroll labelled XOVVEF QURIPSA.
   819 | D:1      | 819 ||| READING scroll labelled FANIAT BOOVU.
   820 | D:1      | 820 ||| DROPPING scroll of butterflies.
   826 | D:2      | 826 ||| STAIRDANCE
   914 | D:2      | Reached skill level 3 in Fighting
  1054 | D:2      | Reached skill level 1 in Armour
  1172 | D:2      | Reached XP level 3. HP: 28/31 MP: 2/2
  1279 | D:2      | Reached XP level 4. HP: 21/38 MP: 3/3
  1371 | D:2      | Reached skill level 6 in Ranged Weapons
  1648 | D:2      | 1648 ||| READING scroll labelled XIWARCHIATI.
  1649 | D:2      | 1649 ||| READING 3 scrolls labelled WEQO CAMEMATH.
  1750 | D:2      | 1750 ||| DROPPING 2 scrolls of silence.
  1792 | D:3      | Found a faded altar of an unknown god.
  1898 | D:3      | Noticed Terence
  1899 | D:3      | Paralysed by Terence for 2 turns
  1906 | D:3      | Killed Terence
  1967 | D:3      | Found a radiant altar of Vehumet.
  1987 | D:3      | Reached XP level 5. HP: 46/46 MP: 4/4
  2355 | D:3      | Noticed Robin
  2366 | D:3      | Killed Robin
  2468 | D:3      | Found an opulent altar of Gozag.
  2521 | D:3      | 2521 ||| UPGRADING to amulet of the acrobat.
  2526 | D:3      | 2526 ||| READING scroll labelled GICKUX HIAS.
  2527 | D:3      | 2527 ||| DRINKING 2 lumpy clear potions.
  2565 | D:3      | 2565 ||| DRINKING 2 viscous clear potions.
  2565 | D:3      | Gained mutation: You are dopey. (Int -2) [potion of
                  | mutation]
  2565 | D:3      | Gained mutation: Your system is resistant to poisons.
                  | (rPois) [potion of mutation]
  2565 | D:3      | Gained mutation: You sometimes lose your temper in combat.
                  | [potion of mutation]
  2566 | D:3      | 2566 ||| DRINKING potion of mutation.
  2566 | D:3      | Lost mutation: Your system is resistant to poisons. (rPois)
                  | [potion of mutation]
  2566 | D:3      | Lost mutation: You sometimes lose your temper in combat.
                  | [potion of mutation]
  2566 | D:3      | Gained mutation: Armour fits poorly on your strangely
                  | shaped body. [potion of mutation]
  2567 | D:3      | 2567 ||| DROPPING potion of lignification.
  2735 | D:4      | Found a blossoming altar of Fedhas.
  2759 | D:4      | Noticed a black bear
  2769 | D:4      | Killed a black bear
  2770 | D:4      | Reached skill level 7 in Ranged Weapons
  2770 | D:4      | Reached XP level 6. HP: 41/52 MP: 5/5
  2866 | D:4      | 2866 ||| Stepping ~*~*~tactically~*~*~ (outnumbered).
  2870 | D:4      | 2870 ||| Stepping ~*~*~tactically~*~*~ (outnumbered).
  3051 | D:4      | Reached skill level 8 in Ranged Weapons
  3217 | D:4      | Noticed Edmund
  3231 | D:4      | Killed Edmund
  3232 | D:4      | Reached XP level 7. HP: 26/61 MP: 6/6
  3232 | D:4      | HP: 15/61 [gnoll/+0 flail (11)]
  3233 | D:4      | 3233 ||| READING 2 scrolls of teleportation.
  3234 | D:4      | HP: 3/61 [gnoll/+0 flail (13)]
  3234 | D:4      | Slain by a gnoll

Levels and vault maps discovered:
D:1:      lemuel_arrival_behind_the_door_small, layout_loops_corners,
          minmay_ruptured
D:2:      layout_loops_ring
D:3:      layout_basic, old_standard_altar, mainiacjoe_overflow_six_doors_small,
          nicolae_ecumenical_pavilion, uniq_robin, uniq_terence
D:4:      layout_basic, fedhas_altar_1, uniq_edmund

Skill      XL: |  1  2  3  4  5  6 |
---------------+-------------------+-----
Ranged Weapons | 5 6 7 8 |  8.0
Fighting       | 3 4 5 |  5.6
Armour         | 1 |  1.0
Dodging        | |  2.1
Stealth        | |  0.7

Action                     |  1- 3 |  4- 6 |  7- 9 || total
---------------------------+-------+-------+-------++-------
   Fire: Shortbow          |    89 |   177 |     2 ||   268
    Use: Scroll            |     2 |     3 |     1 ||     6
         Potion            |       |     3 |       ||     3
 Armour: Leather armour    |     5 |       |       ||     5
         Ring mail         |    16 |    27 |       ||    43
  Dodge: Dodged            |    30 |    58 |     1 ||    89

Table legend:
 A = Non-vault XP
 B = Vault XP
 C = Vault XP percentage of total XP
 D = Non-vault monster count
 E = Vault monster count
 F = Vault count percentage of total count
                 A         B        C        D         E       F
            +---------+---------+-------+---------+---------+-------
      Total |     531 |     244 |  31.5 |      72 |      17 |  19.1
            +---------+---------+-------+---------+---------+-------
        D:1 |      23 |       4 |  14.8 |      13 |       3 |  18.8
        D:2 |     102 |       0 |   0.0 |      23 |       0 |   0.0
        D:3 |      41 |      74 |  64.3 |      14 |      13 |  48.1
        D:4 |     365 |     166 |  31.3 |      22 |       1 |   4.3
            +---------+---------+-------+---------+---------+-------
